 Dungeon Crawl Stone Soup version 0.29.1-2-gbd0b4ee654 (webtiles) character file.

Game seed: 17840350512013418295

95 croobank the Caller (level 4, -5/28 HPs)
             Began as an Octopode Summoner on Oct 27, 2022.
             Killed from afar by an orc wizard (9 damage)
             ... with a puff of flame
             ... on level 3 of the Dungeon.
             The game lasted 00:04:57 (2985 turns).

croobank the Caller (Octopode Summoner)             Turns: 2985, Time: 00:04:58

Health: -5/28      AC:  1    Str:  7    XL:     4   Next: 66%
Magic:  2/7        EV: 13    Int: 19    God:
Gold:   124        SH:  0    Dex: 12    Spells: 2/8 levels left

rFire   . . .      SeeInvis .   c - +0 short sword
rCold   . . .      Faith    .   (no shield)
rNeg    . . .      Spirit   .   (helmet restricted)
rPois   .          Reflect  .   (no amulet)
rElec   .          Harm     .   (no ring)
rCorr   .          Rampage  .   (no ring)
Will    .....                   (no ring)
Stlth   +++.......              (no ring)
HPRegen 0.09/turn               (no ring)
MPRegen 0.10/turn               (no ring)
                                (no ring)
                                (no ring)

@: no status effects
A: almost no armour, amphibious, 8 rings, camouflage 1, gelatinous body 1,
(nimble swimmer 1), tentacles
a: no special abilities


You were on level 3 of the Dungeon.
You visited 1 branch of the dungeon, and saw 3 of its levels.

You collected 124 gold pieces.

Inventory:

Hand Weapons
 c - a +0 short sword (weapon)
 d - a +0 dagger of draining
 h - a +0 sling
Scrolls
 b - a scroll of vulnerability {unknown}
 e - 3 scrolls of summoning {unknown}
 f - a scroll of enchant weapon {unknown}
 i - a scroll of identify {unknown}
 l - 2 scrolls of noise {unknown}
 m - a scroll of silence {unknown}
Potions
 a - a potion of magic
 g - 2 potions of cancellation {unknown}
 j - a potion of mutation {unknown}
 k - a potion of curing {unknown}
 n - a potion of heal wounds {unknown}


   Skills:
 + Level 1.2 Fighting
 + Level 2.7 Dodging
 + Level 3.9 Stealth
 + Level 2.6 Spellcasting
 + Level 4.4 Summonings


You had 2 spell levels left.
You knew the following spells:

 Your Spells              Type           Power      Damage    Failure   Level
a - Summon Small Mammal   Summ           76%        N/A       2%          1
b - Call Imp              Summ           19%        N/A       3%          2
c - Call Canine Familiar  Summ           19%        N/A       8%          3

Your spell library contained the following spells:

 Spells                   Type           Power      Damage    Failure   Level
 Summon Guardian Golem    Hex/Summ       10%        N/A       19%         3
 Summon Lightning Spire   Summ/Air       10%        N/A       54%         4


Dungeon Overview and Level Annotations

Branches:
Dungeon (3/15)

Altars:


Innate Abilities, Weirdness & Mutations

You cannot wear most types of armour.
You are amphibious.
You can wear up to eight rings at the same time.
Your skin changes colour to match your surroundings (Stealth+).
Your rubbery body absorbs attacks. (AC +1, EV +1)
((You are camouflaged when in or above water. (Stealth+)))
You have tentacles for arms and can constrict up to eight enemies at once.


Message History

Something hits your white imp.
Your white imp dies!
Your white imp disappears in a puff of smoke!
There are monsters nearby!
An orc wizard comes into view. It is wielding a +0 dagger.
The orc priest looks satisfied for a moment.
The orc hits you with a +0 trident.
You closely miss the orc. You grab the orc. You squeeze the orc!
You kill the orc!
The white imp shouts, "Get thee hence, thou worthless moldwarp vassal!"
A frilled lizard comes into view.
The frilled lizard hisses angrily.
You hit the orc wizard but do no damage.
You grab the orc wizard. You squeeze the orc wizard!
The orc wizard is heavily wounded.
You constrict the orc wizard, but do no damage.
The orc priest mumbles some strange prayers to Beogh against you.
Beogh smites you!
The orc wizard hits you with a +0 dagger.
You are too injured to fight recklessly!
You are too injured to fight recklessly!
Unknown command.
You are too injured to fight recklessly!
You are too injured to fight recklessly!
You are too injured to fight recklessly!
Casting: Call Imp (safe; 3% risk of failure)
Confirm with . or Enter, or press ? or * to list all spells.
You constrict the orc wizard, but do no damage.
The orc wizard hits you with a +0 dagger.
* * * LOW HITPOINT WARNING * * *
You release your grip on the orc wizard.
The orc wizard attacks as you move away!
The orc wizard hits you with a +0 dagger.
* * * LOW HITPOINT WARNING * * *
An endoplasm comes into view.
Your hound barely misses the orc wizard.
Your hound bites the orc wizard.
The orc wizard casts a spell at you. The puff of flame hits you!
You die...

#.#####
#.J.@.#
#####.#
#..>.o##.#
####5h...#
#.?..)...#.#
#...r#.#.# #
....#.#l#.#
##. . #.#.#
# .. ..#.#


You could see an orc wizard (ally target), an endoplasm (asleep) and a friendly
hound (summoned).

Vanquished Creatures
  A worm (D:2)
  An orc (D:3)
  3 bats
  2 endoplasms (D:2)
  2 giant cockroaches
  A hobgoblin (D:1)
  2 ball pythons
  A frilled lizard (D:2)
  A goblin (D:1)
  A kobold (D:1)
  A rat (D:2)
16 creatures vanquished.

Vanquished Creatures (collateral kills)
  3 adders (D:2)
  A worm (D:2)
  3 dart slugs (D:1)
  2 ball pythons
  5 bats
  2 endoplasms
  3 giant cockroaches
  A hobgoblin (D:2)
  6 jackals
  4 kobolds (D:1)
  A frilled lizard (D:1)
  2 goblins (D:1)
  5 rats
38 creatures vanquished.

Grand Total: 54 creatures vanquished

Notes
Turn   | Place    | Note
-------+----------+-------------------------------------------
     0 | D:1      | croobank the Octopode Summoner began the quest for the Orb.
     0 | D:1      | Reached XP level 1. HP: 11/11 MP: 3/3
   626 | D:1      | Reached XP level 2. HP: 17/17 MP: 3/5
   672 | D:1      | Learned a level 2 spell: Call Imp
  1328 | D:1      | Reached XP level 3. HP: 22/22 MP: 6/6
  1332 | D:1      | Learned a level 3 spell: Call Canine Familiar
  2095 | D:2      | Reached skill level 1 in Fighting
  2095 | D:2      | Reached XP level 4. HP: 28/28 MP: 7/7
  2107 | D:2      | Found a faded altar of an unknown god.
  2985 | D:3      | Killed from afar by an orc wizard

Illustrated notes

Levels and vault maps discovered:
D:1:      zaba_arrival_water, layout_loops_corners, kennysheep_flooded_box,
          chequers_serial_rivers_micro_e
D:2:      layout_basic, dreamdust_ecumenical_altar_statues
D:3:      layout_basic

Skill      XL: |  1  2  3 |
---------------+----------+-----
Stealth        | 3 |  3.9
Fighting       | 1 |  1.2
Dodging        | |  2.7
Spellcasting   | |  2.6
Summonings     | |  4.4

Action                   |  1- 3 |  4- 6 || total
-------------------------+-------+-------++-------
Melee: Unarmed           |     3 |       ||     3
       Constrict         |     1 |     3 ||     4
       Short sword       |    14 |    14 ||    28
       Tentacles         |       |     3 ||     3
 Cast: Summon Small Mamm |    23 |     9 ||    32
       Call Imp          |     3 |     2 ||     5
       Call Canine Famil |     3 |     5 ||     8
 Stab: Sleeping          |     6 |     2 ||     8
Armor: Skin              |       |     3 ||     3
Dodge: Dodged            |     8 |    12 ||    20
